 Dungeon Crawl Stone Soup version 0.17.0-18-gaab0e96 (webtiles) character file.

1368 JudasIscariot the Cudgeler (level 8, -3/64 HPs)
             Began as a Demonspawn Berserker on Nov 11, 2015.
             Was a Believer of Trog.
             Killed from afar by a sky beast (14 damage)
             ... with an exploding inner flame
             ... hexed by the player character
             ... on level 6 of the Dungeon.
             The game lasted 00:13:25 (3609 turns).

JudasIscariot the Cudgeler (Demonspawn Berserker)   Turns: 3609, Time: 00:13:26

Health: -3/64      AC: 19    Str: 19    XL:     8   Next: 38%
Magic:  8/8        EV:  7    Int:  9    God:    Trog [**....]
Gold:   238        SH:  0    Dex: 13    Spells: 0 memorised, 7 levels left

rFire  + . .     SeeInvis .     D - +0 morningstar
rCold  . . .     Clarity  .     E - +2 plate armour {rN+}
rNeg   + . .     SustAt   +     (no shield)
rPois  .         Gourm    +     (no helmet)
rElec  .         Spirit   .     k - +0 cloak
rCorr  .         Warding  .     (no gloves)
rMut   .         Stasis   .     (no boots)
MR     ++...                    t - amulet of the gourmand
Stlth  ..........               (no ring)
                                n - ring of sustain attributes

@: exhausted, regenerating, slowed, very slow, very resistant to hostile
enchantments, extremely unstealthy
A: claws 2, iridescent scales 1, demonic guardian 1, fire resistance 1, flame
cloud immunity
a: Berserk, Trog's Hand, Burn Spellbooks, Renounce Religion


You were on level 6 of the Dungeon.
You worshipped Trog.
Trog was pleased with you.
You were very full.

You visited 1 branch of the dungeon, and saw 6 of its levels.

You collected 238 gold pieces.

Inventory:

Hand Weapons
 r - a +0 flail
 D - a +0 morningstar (weapon)
Armour
 b - a +0 animal skin
 f - a +0 leather armour
 k - a +0 cloak (worn)
 q - a +0 scale mail
 E - a +2 plate armour of positive energy (worn)
Jewellery
 n - a ring of sustain attributes (left claw)
 t - an amulet of the gourmand (around neck)
Wands
 z - a wand of heal wounds (5)
 H - a wand of lightning (7)
Scrolls
 d - 3 scrolls of identify
 e - 3 scrolls of teleportation {unknown}
 g - 4 scrolls of remove curse {unknown}
 l - 3 scrolls of random uselessness {unknown}
 o - 2 scrolls of recharging {unknown}
 p - 2 scrolls of magic mapping {unknown}
 s - a scroll of noise {unknown}
 w - a scroll of enchant armour {unknown}
 A - a scroll of blinking {unknown}
 B - a scroll of silence {unknown}
 G - a scroll of amnesia {unknown}
Potions
 a - a potion of brilliance {unknown}
 i - a potion of cancellation {unknown}
 j - 2 potions of curing
 v - a potion of heal wounds {unknown}
 x - a potion of degeneration {unknown}
Comestibles
 c - 2 bread rations
 h - 8 fruits
 m - 2 slices of pizza
 u - 3 meat rations
 C - 3 chunks of flesh
 F - a royal jelly


   Skills:
 * Level 6.0 Fighting
 * Level 6.0 Maces & Flails
 * Level 5.4 Armour
 + Level 3.4 Dodging
 + Level 0.4 Stealth


You had 7 spell levels left.
You didn't know any spells.

Dungeon Overview and Level Annotations

Branches:
Dungeon (6/15)
 Temple: D:4-7

Altars:
Fedhas
Zin


Innate Abilities, Weirdness & Mutations

You have very sharp fingernails.
You are partially covered in iridescent scales (AC +4).
A weak demonic guardian rushes to your aid.
Your flesh is heat resistant.
You are immune to clouds of flame.


Message History

The fiery explosion engulfs the slave.
The slave explodes!
The fiery explosion engulfs the slave.
The slave explodes!
The fiery explosion engulfs the slave.
The slave explodes!
Trog accepts your kill.
Your Fighting skill increases to level 6!
Your Maces & Flails skill increases to level 6!
Your Armour skill increases to level 5!
You have reached level 8!
You feel agile.
Your demonic ancestry asserts itself...
Your fingernails sharpen.
Trog accepts your kill. The fiery explosion engulfs you! You resist.
* * * LOW HITPOINT WARNING * * *
The fiery explosion engulfs the sky beast.
The sky beast explodes!
The fiery explosion engulfs you! You resist.
You die...

#####.#.s...#
##.#
......?§#5.#.#
## ##..Y5p.##.#
# ##§.##(.# #.#
##.####§§.....#
.#
.....§§§###....#
# ......§§#
#.#.##
....###§###.....
##. #@§§..#####
# ####.## .# .#
S### ... .. ..#
(...####..#
..........#


There were no monsters in sight!

Vanquished Creatures
  Pikel (D:6)
  4 slaves (D:6)
  2 ogres
  4 giant frogs (D:6)
  A crimson imp (D:6)
  A hound (D:5)
  A giant frog skeleton (D:4)
  3 worker ants
  A worker ant zombie (D:6)
  3 gnolls (D:2)
  4 adders
  A shadow imp (D:5)
  An ooze (D:1)
  An adder zombie (D:6)
  2 worms
  10 orcs
  2 ball pythons
  8 goblins
  4 hobgoblins
  A quokka (D:4)
  7 bats
  3 giant cockroaches
  2 giant geckos
  A giant newt (D:3)
  5 kobolds
  A quokka skeleton (D:4)
  6 rats
80 creatures vanquished.

Vanquished Creatures (collateral kills)
  Grinder (D:4)
  A hound (D:4)
  2 adders
4 creatures vanquished.

Grand Total: 84 creatures vanquished

Notes
Turn   | Place    | Note
--------------------------------------------------------------
     0 | D:1      | JudasIscariot the Demonspawn Berserker began the quest for the Orb.
     0 | D:1      | Reached XP level 1. HP: 18/18 MP: 1/1
   193 | D:1      | Gained mutation: A weak demonic guardian rushes to your aid. [demonic ancestry]
   193 | D:1      | Reached XP level 2. HP: 21/24 MP: 2/2
   792 | D:1      | Reached ** piety under Trog
   880 | D:2      | Gained mutation: Your flesh is heat resistant. [demonic ancestry]
   880 | D:2      | Reached XP level 3. HP: 22/29 MP: 3/3
  1325 | D:2      | Gained mutation: You are partially covered in iridescent scales (AC +4). [demonic ancestry]
  1325 | D:2      | Reached XP level 4. HP: 34/36 MP: 4/4
  1349 | D:2      | You fall through a shaft!
  1653 | D:3      | Found a glowing silver altar of Zin.
  1707 | D:3      | You fall through a shaft for 2 floors!
  1707 | D:5      | Entered Level 5 of the Dungeon
  1855 | D:4      | Noticed an ogre
  1864 | D:4      | Killed an ogre
  1864 | D:4      | Reached skill level 4 in Fighting
  1864 | D:4      | Reached XP level 5. HP: 7/42 MP: 5/5
  2267 | D:4      | Noticed Grinder
  2301 | D:4      | Killed Grinder
  2301 | D:4      | Gained mutation: You have sharp fingernails. [demonic ancestry]
  2301 | D:4      | Reached XP level 6. HP: 29/49 MP: 6/6
  3326 | D:6      | Gained mutation: You are immune to clouds of flame. [demonic ancestry]
  3326 | D:6      | Reached XP level 7. HP: 55/55 MP: 7/7
  3360 | D:6      | Reached skill level 5 in Fighting
  3369 | D:6      | Reached skill level 5 in Maces & Flails
  3440 | D:6      | Found a blossoming altar of Fedhas.
  3585 | D:6      | Noticed Pikel
  3609 | D:6      | Killed Pikel
  3609 | D:6      | Reached skill level 6 in Fighting
  3609 | D:6      | Reached skill level 5 in Armour
  3609 | D:6      | Gained mutation: You have very sharp fingernails. [demonic ancestry]
  3609 | D:6      | Reached XP level 8. HP: 22/64 MP: 8/8
  3609 | D:6      | Killed from afar by a sky beast

Action                   |  1- 3 |  4- 6 |  7- 9 || total
-------------------------+-------+-------+-------++-------
Melee: Mace              |   123 |       |       ||   123
       Flail             |     4 |   148 |       ||   152
       Morningstar       |       |     6 |    68 ||    74
Invok: Trog's Hand       |     1 |     1 |     1 ||     3
       Berserk           |       |       |     1 ||     1
Evoke: Wand              |       |     1 |       ||     1
  Use: Scroll            |       |     4 |     1 ||     5
       Potion            |       |       |     1 ||     1
  Eat: Chunk             |     1 |    22 |     1 ||    24
